Build Orders - Match 34672252 - cohdb - Company of Heroes 3 Replays
cohdb
Replays
Latest Replays
All Replays
Popular Replays
Top Player Replays
Match Explorer
How It Works
Community
CoH3 Stats
Reddit
Sign in to upload your games and track your stats! →
Sign in with Steam
Match 34672252
Unlisted
Match 34672252
Overview
Messages
Build Orders
End
Scout Squad
Scout Squad
Construct Weapon Support Center
Selects Airborne Battlegroup
M1919 Machine Gun Team
M1919 Machine Gun Team
Infantry Support Center
Construct Medical Station
M3 Armored Personnel Carrier
Selects Pathfinders
Selects Paratrooper Squad Paradrop
Paratrooper Squad Paradrop
Bazooka Squad
Engineer Squad
Paratrooper Squad Paradrop
Construct Tank Depot
Selects Anti-tank Gun Team Paradrop
M1919 Machine Gun Team
M4A1 Sherman Medium Tank
Selects Recon Loiter
Selects Supply Drop
Anti-tank Gun Team Paradrop
JVevermore
Fortune
0
0
Comments
sign in to comment!
No comments posted yet!